[Event "Bay Area Open 2019"]
[Site "Burlingame"]
[Date "2019.01.05"]
[Round "7"]
[White "Stukopin, Andrey"]
[Black "Bai, Jinshi"]
[Result "1/2-1/2"]
[ECO "C24"]
[WhiteElo "2565"]
[BlackElo "2572"]
[Annotator "RC"]
[PlyCount "64"]
[EventDate "2019.01.01"]
[EventType "swiss"]
[EventCountry "USA"]
[SourceTitle "playchess.com"]
[Source "ChessBase"]
[SourceQuality "1"]
[TimeControl "40/5400+30:1800+30"]

1. e4 e5 2. Bc4 Nf6 3. d3 c6 4. Nf3 d5 5. Bb3 Bb4+ 6. Bd2 Bxd2+ 7. Qxd2 O-O 8. Nxe5 Qe7 9. f4 dxe4 10. d4 Be6 11. O-O Bxb3 12. axb3 c5 13. d5 Rd8 14. c4 Nc6 15. Nc3 Nxe5 16. fxe5 Qxe5 17. Qf4 Qd4+ 18. Kh1 e3 19. Rad1 Qxf4 20. Rxf4 Rd6 21. Ne4 Rb6 22. Nxf6+ gxf6 23. Rd3 Re8 24. Rf1 a5 25. Re1 e2 26. Kg1 a4 27. Kf2 axb3 28. Rxe2 Rd8 29. Rg3+ Kf8 30. Rh3 Rb4 31. Rxh7 Kg8 32. Rh3 Rxc4 1/2-1/2

[Event "Bay Area Open 2019"]
[Site "Burlingame"]
[Date "2019.01.05"]
[Round "7"]
[White "Escalante Ramirez, Brian Sebasti"]
[Black "Ynojosa Aponte, Felix Jose"]
[Result "1/2-1/2"]
[ECO "B30"]
[WhiteElo "2446"]
[BlackElo "2368"]
[Annotator "RC"]
[PlyCount "118"]
[EventDate "2019.01.01"]
[EventType "swiss"]
[EventCountry "USA"]
[SourceTitle "playchess.com"]
[Source "ChessBase"]
[SourceQuality "1"]
[TimeControl "40/5400+30:1800+30"]

1. e4 c5 2. Nf3 Nc6 3. Bb5 e6 4. Bxc6 bxc6 5. d3 Ne7 6. Qe2 d5 7. O-O Ng6 8. Nc3 Bd6 9. Re1 O-O 10. b3 d4 11. Na4 e5 12. Nd2 Nf4 13. Qf1 Be6 14. Ba3 Qg5 15. Nf3 Qh5 16. Bc1 g5 17. Kh1 Bh3 18. Bxf4 gxf4 19. gxh3 Qxf3+ 20. Qg2+ Qxg2+ 21. Kxg2 f5 22. Kf3 fxe4+ 23. Rxe4 Rf6 24. Rg1+ Kf7 25. Rg4 Rh6 26. Kg2 Rf8 27. Nb2 Ke6 28. Nc4 Rf5 29. Nd2 Kd5 30. Nf3 c4 31. dxc4+ Kc5 32. a3 Kb6 33. h4 Bxa3 34. Rxe5 Rxe5 35. Nxe5 Re6 36. c5+ Kb5 37. Nd3 Re2 38. Rxf4 Rxc2 39. Rxd4 a5 40. Rd7 Rc3 41. f4 Rxb3 42. f5 a4 43. f6 Rxd3 44. Rxd3 Bxc5 45. f7 a3 46. Rd8 Kc4 47. f8=Q Bxf8 48. Rxf8 a2 49. Ra8 Kb3 50. Kf3 Kb2 51. Rb8+ Kc2 52. Ra8 Kb2 53. h5 a1=Q 54. Rxa1 Kxa1 55. Ke4 Kb2 56. Kd4 Kc2 57. h6 Kd2 58. Kc5 Ke3 59. Kxc6 Kf4 1/2-1/2

[Event "Bay Area Open 2019"]
[Site "Burlingame"]
[Date "2019.01.05"]
[Round "7"]
[White "Balakrishnan, Praveen"]
[Black "Ali Marandi, Cemil Can"]
[Result "1-0"]
[ECO "C07"]
[WhiteElo "2418"]
[BlackElo "2530"]
[Annotator "ChessBase"]
[PlyCount "69"]
[EventDate "2019.01.01"]
[EventType "swiss"]
[EventCountry "USA"]
[SourceTitle "playchess.com"]
[Source "ChessBase"]
[SourceQuality "1"]
[TimeControl "40/5400+30:1800+30"]

1. e4 e6 2. d4 d5 3. Nd2 c5 4. exd5 Qxd5 5. Ngf3 cxd4 6. Bc4 Qd7 7. O-O Nc6 8. Nb3 a6 9. Nbxd4 Nxd4 10. Nxd4 Qc7 11. Qe2 Bd6 12. Nf3 Ne7 13. Bd3 Bd7 14. c4 Ng6 15. g3 O-O-O 16. Bd2 Rhe8 17. c5 Bf8 18. Qe1 Bc6 19. Ba5 Qd7 20. Bxg6 Bxf3 21. Be4 Bxe4 22. Qxe4 Qd5 23. Qf4 e5 24. Qg4+ Rd7 25. c6 bxc6 26. Rad1 Qe6 27. Qe2 Bc5 28. Qxa6+ Kb8 29. Rxd7 Qxd7 30. Rc1 Qd4 31. Be1 Re6 32. Rc3 Qe4 33. Rb3+ Kc7 34. Qa5+ Kd7 35. Rb7+ 1-0